 Dungeon Crawl Stone Soup version 0.16-a0-3472-g5ce0ac0 (webtiles) character file.

29 Inkie the Sneak (level 3, -1/16 HPs)
             Began as a Vine Stalker Enchanter on Jan 3, 2015.
             Slain by an adder (2 damage)
             ... on level 2 of the Dungeon.
             The game lasted 00:05:52 (889 turns).

Inkie the Sneak (Vine Stalker Enchanter)             Turns: 889, Time: 00:05:53

Health: -1/16      AC:  3    Str: 10    XL:     3   Next: 16%
Magic:  0/7        EV: 12    Int: 16    God:
Gold:   83         SH:  0    Dex: 14    Spells: 1 memorised, 5 levels left

rFire  . . .     SeeInvis .     a - +1 dagger
rCold  . . .     Clarity  .     b - +1 robe
rNeg   . . .     SustAb   .     (no shield)
rPois  .         Gourm    .     (no helmet)
rElec  .         Spirit   +     (no cloak)
rCorr  .         Warding  .     (no gloves)
rMut   .         Stasis   .     (no boots)
MR     .....                    (no amulet)
Stlth  +++.......               (no ring)
                                (no ring)

@: lethally poisoned, not resistant to hostile enchantments, fairly stealthy
A: fangs 2, regeneration 1, magic shield, antimagic bite, no device heal 3, rot
immunity
a: no special abilities


You were on level 2 of the Dungeon.
You were not hungry.

You visited 1 branch of the dungeon, and saw 2 of its levels.

You collected 83 gold pieces.

Inventory:

Hand weapons
 a - a +1 dagger (weapon)
Missiles
 f - 24 stones (quivered)
Armour
 b - a +1 robe (worn)
Jewellery
 i - an uncursed ring of wizardry {unknown}
Scrolls
 g - a scroll of noise {unknown}
 k - a scroll of enchant armour {unknown}
Potions
 h - 2 potions of curing {unknown}
 j - a potion of agility {unknown}
Books
 c - a book of Maledictions

   Spells                             Type                      Level
   a - Corona                         Hexes                        1
   b - Sure Blade                     Hexes/Charms                 2
   c - Ensorcelled Hibernation        Hexes/Ice                    2
   d - Confuse                        Hexes                        3
   e - Dazzling Spray                 Conjuration/Hexes            3
   f - Enslavement                    Hexes                        4
Comestibles
 d - 3 bread rations


   Skills:
 - Level 0.8 Short Blades
 - Level 1.5 Dodging
 * Level 5.3 Stealth
 - Level 2.1 Spellcasting
 - Level 3.0 Hexes


You had 5 spell levels left.
You knew the following spells:

 Your Spells              Type           Power        Failure   Level  Hunger
a - Corona                Hex            ##.....      8%          1    #......


Dungeon Overview and Level Annotations

Branches:
Dungeon (2/15)

Altars:


Innate Abilities, Weirdness & Mutations

You have extremely sharp teeth.
Your natural rate of healing is unusually fast.
When hurt, damage is shared between your health and your magic reserves.
Your bite disrupts and absorbs the magic of your enemies.
Potions and wands cannot restore your health.
You are immune to rotting.


Message History

You hit the adder. Your bite misses the adder.
The adder is severely wounded.
You feel sick. The adder bites you.
You barely miss the adder.
The adder is severely wounded.
The adder barely misses you. The adder closely misses you.
You barely miss the adder.
The adder is severely wounded.
You feel sick. The adder bites you.
* * * LOW HITPOINT WARNING * * *
You are lethally poisoned!
The adder poisons you!
Drink which item? (? for menu, Esc to quit)
It was a potion of heal wounds.
That seemed strangely inert.
The adder barely misses you.
You hit the adder. Your bite misses the adder.
The adder is almost dead.
* * * LOW HITPOINT WARNING * * *
You feel sick. The adder bites you.
You die...

#.# #.#.####......
#.###########.#.# #......
#.........#...#.####......
#########.#.###.##...#....
#.#...#.##.#......
#.#.#...##.#.##...
#.#.######.#.##... #.#.#
#.#.##... #@#.# #.#.##...
#S#.. #.#...... #.###
#.#...... #.# .#...... #..
#...... ### #.####. ..# #.
#### #. .


You could see an adder.

Vanquished Creatures
  A giant gecko (D:1)
  6 goblins
  6 hobgoblins
  A jackal (D:1)
  3 kobolds
  A bat (D:2)
  8 rats
26 creatures vanquished.

Notes
Turn   | Place    | Note
--------------------------------------------------------------
     0 | D:1      | Inkie, the Vine Stalker Enchanter, began the quest for the Orb.
     0 | D:1      | Reached XP level 1. HP: 9/9 MP: 3/3
    38 | D:1      | Reached skill level 4 in Stealth
   192 | D:1      | Reached XP level 2. HP: 13/13 MP: 1/5
   632 | D:1      | Reached skill level 5 in Stealth
   746 | D:2      | Reached XP level 3. HP: 16/16 MP: 7/7
   889 | D:2      | Slain by an adder

Action                   || total
-------------------------++-------
Melee: Dagger            ||    66
 Cast: Corona            ||     9
  Use: Potion            ||     1
 Stab: Sleeping          ||     8
       Distracted        ||     1
